 Dungeon Crawl Stone Soup version 0.24.0-37-gcf1ca852f1 (webtiles) character file.

Game seed: 15159139079867244879, levelgen mode: deterministic

114 PentaManta the Cudgeler (level 4, 0/28 HPs)
             Began as a Gargoyle Monk on Dec 2, 2019.
             Slain by Grinder (5 damage)
             ... while paralysed by Grinder
             ... on level 3 of the Dungeon.
             The game lasted 00:04:53 (2335 turns).

PentaManta the Cudgeler (Gargoyle Monk)             Turns: 2335, Time: 00:04:54

Health: 0/28       AC: 14    Str: 15    XL:     4   Next: 98%
Magic:  4/4        EV:  2    Int: 18    God:
Gold:   234        SH:  0    Dex: 12    Spells: 3/3 levels left

rFire    . . .     SeeInvis +   j - +0 whip
rCold    . . .     Gourm    .   (no shield)
rNeg     + . .     Faith    .   o - +0 ring mail
rPois    ∞         Spirit   .   b - +2 hat
rElec    +         Reflect  .   (no cloak)
rCorr    .         Harm     .   (no gloves)
MR       .....                  h - +0 pair of boots
Stlth    +.........             (no amulet)
HPRegen  0.09/turn              (no ring)
MPRegen  0.09/turn              (no ring)

@: paralysed, brilliant
A: icy blue scales 1, see invisible, clever 1, negative energy resistance 1,
electricity resistance, unbreathing, petrification resistance, rot immunity, AC
+3
a: no special abilities


You were on level 3 of the Dungeon.
You were very hungry.

You visited 1 branch of the dungeon, and saw 3 of its levels.

You collected 234 gold pieces.

Inventory:

Hand Weapons
 a - a +0 mace
 j - a +0 whip (weapon)
Armour
 b - a +2 hat (worn)
 h - a +0 pair of boots (worn)
 o - a +0 ring mail (worn)
Scrolls
 e - 4 scrolls of identify {unknown}
 f - 2 scrolls of random uselessness {unknown}
 g - a scroll of noise {unknown}
 i - a scroll of fear {unknown}
 n - 2 scrolls of enchant weapon {unknown}
Potions
 m - a potion of mutation
Comestibles
 c - 8 rations


   Skills:
 - Level 3.2 Fighting
 * Level 4.4 Maces & Flails
 + Level 2.2 Armour
 + Level 3.0 Dodging
 - Level 2.1 Stealth


You had 3 spell levels left.
You didn't know any spells.
Your spell library was empty.

Dungeon Overview and Level Annotations

Branches:
Dungeon (3/15)

Altars:
Ashenzari
Fedhas
Hepliaklqana
Makhleb
Nemelex Xobeh
Qazlal
Ru
Sif Muna
Uskayaw

Annotations:
D:3 Grinder


Innate Abilities, Weirdness & Mutations

You are resistant to torment.
Your stone body is resilient. (AC +3)
You are immune to poison.
You resist negative energy. (rN+)
You are resistant to electric shocks. (rElec)
You can survive without breathing.
You are immune to petrification.
You are immune to rotting.
You are partially covered in icy blue scales. (AC +2)
You have supernaturally acute eyesight. (SInv)
Your mind is acute. (Int +2)


Message History

You start resting.
You are feeling very hungry.
You start resting.
Grinder is too close now for your liking.
Grinder gestures at you. Pain shoots through your body!
* * * LOW HITPOINT WARNING * * *
You barely miss Grinder.
Grinder is almost dead.
Grinder hits you but does no damage.
You barely miss Grinder.
Grinder is almost dead.
Grinder hits you but does no damage.
You closely miss Grinder.
Grinder is almost dead.
Grinder gestures at you.
You suddenly lose the ability to move!
Grinder hits you but does no damage. Grinder hits you.
You die...

#.##.##.###.#############...
####.##........................
#......#.#..............)..(...
####.#.._..#.#.###......÷).(...
#.###.#.#.#.# #.............
#.###.#.#.#.# #.............
#.#.........###.............
#.#####.#.#.5...............
#........(.@###.............
#######.#.#.# #.............
#.#.#.###.............
#.#.#.##..............
#.#.#.###.⌠.⌠....... . #.#.#.#
#.._....... #.#.#.# #.⌠.⌠.....
#.#.### ......... .........


You could see Grinder.

Vanquished Creatures
  Natasha (D:3)
  2 adders (D:2)
  5 dart slugs
  3 bats
  4 giant cockroaches
  5 goblins
  8 hobgoblins
  9 jackals
  5 kobolds
  A quokka (D:2)
  A ball python (D:2)
  6 frilled lizards
  10 rats
60 creatures vanquished.

Notes
Turn   | Place    | Note
-------+----------+-------------------------------------------
     0 | D:1      | PentaManta the Gargoyle Monk began the quest for the Orb.
     0 | D:1      | Reached XP level 1. HP: 14/14 MP: 1/1
   295 | D:1      | Reached XP level 2. HP: 17/19 MP: 2/2
   405 | D:1      | Reached skill level 1 in Armour
   533 | D:1      | Reached XP level 3. HP: 21/23 MP: 3/3
  1205 | D:2      | Reached XP level 4. HP: 28/28 MP: 4/4
  1250 | D:2      | Reached skill level 4 in Maces & Flails
  1304 | D:2      | Found a shattered altar of Ashenzari.
  1317 | D:2      | Found a sacrificial altar of Ru.
  1317 | D:2      | Found a burning altar of Makhleb.
  1381 | D:2      | Found a hazy altar of Hepliaklqana.
  1382 | D:2      | Found a shimmering blue altar of Sif Muna.
  1693 | D:3      | Found a blossoming altar of Fedhas.
  1696 | D:3      | Found a stormy altar of Qazlal.
  1871 | D:3      | Found a hide-covered altar of Uskayaw.
  1952 | D:3      | Noticed Natasha
  1979 | D:3      | Killed Natasha
  2252 | D:3      | Found a sparkling altar of Nemelex Xobeh.
  2258 | D:3      | Noticed Grinder
  2260 | D:3      | Paralysed by Grinder for 3 turns
  2296 | D:3      | Paralysed by Grinder for 6 turns
  2316 | D:3      | Gained mutation: You are partially covered in icy blue
                  | scales. (AC +2) [potion of mutation]
  2316 | D:3      | Gained mutation: You have supernaturally acute eyesight.
                  | (SInv) [potion of mutation]
  2316 | D:3      | Gained mutation: Your mind is acute. (Int +2) [potion of
                  | mutation]
  2333 | D:3      | Paralysed by Grinder for 7 turns
  2335 | D:3      | Slain by Grinder

Levels and vault maps discovered:
D:1:      tarquinn_simple_flora_water_f, layout_loops_ring,
          kennysheep_crisscross
D:2:      layout_rooms, minitemple, grunt_temple_overflow_open
D:3:      layout_basic, grunt_temple_overflow_forces_of_nature,
          lemuel_crystal_altar, first_ration, nemelex_xobeh_ov_fountains_minmay,
          uniq_natasha, uniq_grinder

Skill      XL: |  1  2  3  4 |
---------------+-------------+-----
Armour         | 1 2 |  2.2
Maces & Flails | 4 |  4.4
Dodging        | 3 |  3.0
Fighting       | |  3.2
Stealth        | |  2.1

Action                   |  1- 3 |  4- 6 || total
-------------------------+-------+-------++-------
Melee: Dagger            |   122 |       ||   122
       Mace              |    10 |       ||    10
       Whip              |    49 |   157 ||   206
  Use: Potion            |       |     3 ||     3
 Stab: Sleeping          |     5 |     1 ||     6
  Eat: Chunk             |     1 |     3 ||     4
Armor: Robe              |    10 |       ||    10
       Leather armour    |   100 |       ||   100
       Ring mail         |       |    84 ||    84
Dodge: Dodged            |   166 |    95 ||   261
